 Dungeon Crawl Stone Soup version 0.30-a0-578-gdee14c521f (webtiles) character file.

Game seed: 13706471883270838716

23 demibob the Poker (level 2, -5/21 (24) HPs)
             Began as a Demonspawn Chaos Knight on Jan 1, 2023.
             Was a Plaything of Xom.
             Slain by a worm (16 damage)
             ... on level 2 of the Dungeon.
             The game lasted 00:02:43 (1059 turns).

demibob the Poker (Demonspawn Chaos Knight)         Turns: 1059, Time: 00:02:44

HP:   -5/21 (24)    AC:  5    Str: 12    XL:     2   Next: 75%
MP:   2/2           EV: 11    Int: 13    God:    Xom [......]
Gold: 74            SH:  0    Dex: 12    Spells: 1/1 levels left

rFire   . . .      SeeInvis .    a - +1 spear (chaos)
rCold   . . .      Faith    .    (no shield)
rNeg    . . .      Spirit   .    b - +2 leather armour
rPois   .          Reflect  .    (no helmet)
rElec   .          Harm     .    (no cloak)
rCorr   .          Rampage  .    (no gloves)
Will    .....                    (no boots)
Stlth   +                        (no amulet)
HPRegen 0.23/turn                (no ring)
MPRegen 0.08/turn                (no ring)

@: heavily drained
A: demonic guardian 1
a: Renounce Religion


You were on level 2 of the Dungeon.
You worshipped Xom.
You were a very special plaything of Xom.
You visited 1 branch of the dungeon, and saw 2 of its levels.

You collected 74 gold pieces.


Innate Abilities, Weirdness & Mutations

A weak demonic guardian rushes to your aid.


   Skills:
 - Level 3.0 Fighting
 + Level 3.7 Polearms
 - Level 1.7 Armour
 - Level 0.8 Dodging


You had one spell level left.
You didn't know any spells.
Your spell library contained the following spells:

 Spells                   Type           Power      Damage    Failure   Level
 Sublimation of Blood     Necr           0%         N/A       52%         2
 Wereblood                Tmut           0%         N/A       52%         2
 Petrify                  Tmut/Erth      0%         N/A       98%         4
 Metabolic Englaciation   Hex/Ice        0%         N/A       100%        5
 Statue Form              Tmut/Erth      0%         N/A       100%        6
 Summon Hydra             Summ           0%         N/A       100%        7

Inventory:

Hand Weapons
 a - a +1 spear of chaos (weapon)
Missiles
 g - a throwing net {=f}
Armour
 b - a +2 leather armour (worn)
Jewellery
 F - a ring of fire
Scrolls
 d - a scroll of amnesia
 e - a scroll of identify {@r1}
 i - 2 scrolls of enchant weapon
 j - a scroll of teleportation {unknown}
Potions
 f - 2 potions of degeneration
 h - a potion of attraction {unknown}
 k - a potion of haste {unknown}
Miscellaneous
 c - a piece from Xom's chessboard (15/15) (quivered)

Dungeon Overview and Level Annotations

Branches:
Dungeon (2/15)

Altars:

#.......#
..........#
..........#
##........#
##.......#
#..>....#
#.......#
#......?########
#........@w....#
#........?."...#
###+##.........#
#.........#
#...........
#.........#.
#...........
#......####.


You could see a worm (strong, very poisoned).


Message History

No target in view!
h - a white potion You see here a giant cockroach corpse.
You now have 74 gold pieces (gained 13).
j - a scroll labelled WAPTU UMUCASYNN You open the door.
You hear Xom's maniacal laughter.
Your body is wracked with pain!
Found a brown potion.
Found a stone staircase leading down.
There is an open door here.
Found a scroll labelled WAPTU UMUCASYNN.
k - a brown potion
Found a scroll labelled WUNAMM ADWOME.
A worm comes into view.
Found a dented fluorescent amulet.
You see here a scroll labelled WAPTU UMUCASYNN.
A worm is nearby!
You reach to attack!
You hit the worm.
The worm is lightly wounded.
You hit the worm. You burn the worm.
The worm is moderately wounded.
You hit the worm.
The worm seems to grow stronger.
Xom is highly amused!
The worm is heavily wounded.
The worm bites you!
You hit the worm.
The worm is poisoned.
The worm is heavily wounded.
The worm bites you!
Ouch! That really hurt!
You die...

Skill      XL: |  1 |
---------------+----+-----
Polearms       | 3 |  3.7
Fighting       | |  3.0
Armour         | |  1.7
Dodging        | |  0.8

Action                   || total
-------------------------++-------
Melee: Spear             ||    59
       Punch             ||     1
  Use: Scroll            ||     4
 Stab: Sleeping          ||     2
       Confused          ||     1
Armor: Leather armour    ||    11
Dodge: Dodged            ||    13

Levels and vault maps discovered:
D:1:      dpeg_arrival_shrine, layout_basic, minivault_11
D:2:      layout_basic, minmay_tetromino_i4

Notes
Turn   | Place    | Note
-------+----------+-------------------------------------------
     0 | D:1      | demibob the Demonspawn Chaos Knight began the quest for the
                  | Orb.
     0 | D:1      | Reached XP level 1. HP: 18/18 MP: 1/1
    15 | D:1      | XOM: divination: magic mapping
    48 | D:1      | XOM: silly message
   186 | D:1      | Reached skill level 3 in Polearms
   291 | D:1      | XOM: confusion (+ monsters)
   338 | D:1      | Gained mutation: A weak demonic guardian rushes to your
                  | aid. [demonic ancestry]
   338 | D:1      | Reached XP level 2. HP: 20/24 MP: 2/2
   828 | D:1      | XOM: summons 2 hostile demons
   829 | D:1      | Noticed a chaos spawn
   860 | D:2      | XOM: draining
  1007 | D:2      | XOM: torment (12/21 hp)
  1059 | D:2      | Slain by a worm

Vanquished Creatures
  A dart slug (D:1)
  A ball python (D:1)
  2 endoplasms
  3 giant cockroaches
  3 hobgoblins (D:1)
  A frilled lizard (D:1)
  4 kobolds
  4 rats
19 creatures vanquished.

Table legend: (Time is in decaauts)
 A = Elapsed time spent in this place.
 B = Non-inter-level travel time spent in this place.
 C = Inter-level travel time spent in this place.
 D = Time resting spent in this place.
 E = Time spent auto-exploring this place.
 F = Levels seen in this place.
 G = Mean time per level.
                   A        B        C        D        E       F      G
               +--------+--------+--------+--------+--------+-----+--------+
         Total |   1056 |   1014 |     42 |      0 |    820 |   2 |  528.0 |
       Dungeon |   1056 |   1014 |     42 |      0 |    820 |   2 |  528.0 |
               +--------+--------+--------+--------+--------+-----+--------+

Top non-repeatable levels by time:
     D:1: 848 daAuts
     D:2: 208 daAuts

Table legend:
 A = Non-vault XP
 B = Vault XP
 C = Vault XP percentage of total XP
 D = Non-vault monster count
 E = Vault monster count
 F = Vault count percentage of total count
                 A         B        C        D         E       F
            +---------+---------+-------+---------+---------+-------
      Total |      34 |       0 |   0.0 |      20 |       0 |   0.0
            +---------+---------+-------+---------+---------+-------
        D:1 |      24 |       0 |   0.0 |      14 |       0 |   0.0
        D:2 |      10 |       0 |   0.0 |       6 |       0 |   0.0
            +---------+---------+-------+---------+---------+-------
